AoeStats
← Rodrigo Lao Tse

Arabia

509491324Analyzed
1v1 RM · 5d ago on Sep 27, 2026· 37m 22s· 2 players
Game mode
Random Map
Map size
Tiny (2 player)
Population
200
Speed
Normal
Resources
Standard
Victory
Conquest
Starting age
Dark Age
Ending age
Imperial Age
RankedLock teamsTeams togetherTeam positionsShared explorationLock speedFull tech treeHidden civsTurbo modeCheats
Victory
Defeat
🇨🇱 Britons · Chile
862
+15
🇨🇳 Varangians · China
836
-15
精锐442
10:18 Feudal Age
8:34 Loom
12:26 Double-Bit Axe
19:34 Castle Age
19:06 Bloodlines
22:37 Pikeman
23:18 Squires
24:25 Forging
24:23 Scale Barding Armor
26:58 Arson
32:57 Gold Mining
35:50 Iron Casting
35:16 Scale Mail Armor
35:48 Bow Saw
35:20 Horse Collar
Rodrigo Lao Tse
7:42 Loom
9:58 Feudal Age
11:16 Wheelbarrow
10:29 Double-Bit Axe
11:04 Horse Collar
22:08 Castle Age
21:12 Town Watch
23:36 Hand Cart
22:53 Pikeman
31:18 Squires
32:03 Scale Mail Armor
32:14 Scale Mail Armor
32:49 Forging
32:32 Fletching
33:32 Crossbowman
36:26 Bodkin Arrow
Connection lost

Rejoining the realm…

Still unreachable

The connection could not be restored.

Session expired

The server has moved on; the page needs a fresh start.